 Dungeon Crawl Stone Soup version 0.26-b1-32-g5d43845318 (webtiles) character file.

Game seed: 13630164042976433198

10337 Arum the Fighter (level 11, -13/95 HPs)
             Began as a Formicid Fighter on Jan 11, 2021.
             Was a High Priest of Okawaru.
             Mangled by Snorg (25 damage)
             ... on level 11 of the Dungeon.
             The game lasted 00:21:40 (12283 turns).

Arum the Fighter (Formicid Fighter)                Turns: 12283, Time: 00:21:41

Health: -13/95     AC: 11    Str: 20    XL:     11   Next: 91%
Magic:  11/11      EV:  9    Int:  9    God:    Okawaru [*****.]
Gold:   160        SH: 12    Dex: 13    Spells: 10/10 levels left

rFire    . . .     SeeInvis +   a - +1 quarterstaff
rCold    . . .     Faith    .   c - +1 kite shield
rNeg     + . .     Spirit   .   b - +0 scale mail
rPois    .         Reflect  .   (helmet unavailable)
rElec    .         Harm     .   h - +0 cloak
rCorr    +         Rampage  .   e - +0 pair of gloves
Will     +....                  (no boots)
Stlth    ..........             (no amulet)
HPRegen  0.25/turn              p - ring of positive energy
MPRegen  0.12/turn              F - ring of resist corrosion

@: very slightly contaminated, invisible
A: permanent stasis, dig shafts and tunnels, four strong arms, antennae 3
a: Dig, Shaft Self, Renounce Religion, Heroism, Finesse


You were on level 11 of the Dungeon.
You worshipped Okawaru.
Okawaru was extremely pleased with you.
You visited 2 branches of the dungeon, and saw 12 of its levels.
You visited 1 bazaar.
You also visited: Sewer.

You collected 540 gold pieces.
You spent 380 gold pieces at shops.

Inventory:

Hand Weapons
 a - a +1 quarterstaff (weapon)
Armour
 b - a +0 scale mail (worn)
 c - a +1 kite shield (worn)
 e - a +0 pair of gloves (worn)
 h - a +0 cloak (worn)
 k - the +6 chain mail of Yredelemnul's Wrath {rElec Dex+7, unknown}
   (You bought it in a shop in a bazaar)

   It affects your dexterity (+7).
   It insulates you from electricity.
Jewellery
 p - a ring of positive energy (left hand)
 t - an uncursed ring of magical power
 F - a ring of resist corrosion (right hand)
Wands
 j - a wand of iceblast (2)
 q - a wand of flame (32)
 v - a wand of enslavement (11)
 y - a wand of polymorph (6)
 B - a wand of random effects (5)
 G - a wand of acid (10)
Scrolls
 d - 8 scrolls of remove curse
 f - 2 scrolls of magic mapping
 m - a scroll of enchant armour
 w - 2 scrolls of fog
 x - 3 scrolls of amnesia
 z - a scroll of immolation
 E - 2 scrolls of random uselessness
Potions
 g - 5 potions of flight
 i - 4 potions of curing
 n - a potion of invisibility
 o - a potion of mutation
 r - a potion of brilliance
 s - 2 potions of cancellation
 u - 2 potions of attraction
 C - a potion of ambrosia {unknown}
 D - 2 potions of lignification


   Skills:
 + Level 11.6 Fighting
 + Level 10.5 Staves
 + Level 9.3 Armour
 - Level 9.0 Shields


You had 10 spell levels left.
You didn't know any spells.
Your spell library contained the following spells:

 Spells                   Type           Power        Failure   Level
 Animate Skeleton         Necr           0%           69%         1
 Apportation              Tloc           0%           69%         1
 Corona                   Hex            0%           69%         1
 Summon Small Mammal      Summ           0%           69%         1


Dungeon Overview and Level Annotations

Branches:
Dungeon (11/15)            Temple (1/1) D:7            Lair (0/6) D:8
    Orc (0/2) D:9           Sewer (visited)

Altars:
Ashenzari
Cheibriados
Dithmenos
Gozag
Hepliaklqana
Makhleb
Okawaru
Qazlal
Ru
Vehumet
Yredelemnul
Zin
The Shining One

Shops:
D:8 }

Annotations:
D:11 Snorg


Innate Abilities, Weirdness & Mutations

You cannot be hasted, slowed, berserked, paralysed or teleported.
You can dig through walls and to a lower floor.
Your four strong arms can wield two-handed weapons with a shield.
You have a pair of large antennae on your head. (SInv)


Message History

Snorg is heavily wounded.
Snorg goes berserk!
You completely miss Snorg.
Snorg is heavily wounded.
Snorg bites you!
* * * LOW HITPOINT WARNING * * *
Snorg claws you!
* * * LOW HITPOINT WARNING * * *
You block Snorg's attack.
There's nothing to close nearby.
Evoke which item? (* to show all) (? for menu, Esc to quit)
Aiming: Corrosive Bolt
Press: ? - help, Shift-Dir - straight line, f/p - Snorg
Aim: Snorg (heavily wounded, berserk, 29% to evade)
The bolt of acid hits Snorg!
Snorg is splashed with acid!
The acid corrodes Snorg!
Snorg is severely wounded.
You block Snorg's attack. Snorg claws you but does no damage.
Snorg closely misses you. Snorg bites you!!
You die...

........#....####................
..#####+#....#..#................
..##....#....'..#................
.†......#....#..#................
........#....####................
........+.............#######....
..#######.............#,,,,,#....
..##....#.....<.......#,,,,,#....
..#.....#.......@.....#,,,,,#....
..#.....#......T......#,,,,,+....
..#.....#.............#,,,,,#....
..#.)...#.............#***+*#.)..
..##....#....##########,**,,#....
..##....#....#,,,,,,*,,,,,,,#....
........'....#,,,,,,+,,,,,,,#....
........#....#,,**********,,#....
..#######)...######*******,,*....


You could see Snorg (berserk, corroded).

Vanquished Creatures
  A hydra (D:11)
  Erolcha (D:10)
  A two-headed ogre (D:9)
  An unseen horror (D:11)
  2 gargoyles (D:10)
  A hornet (D:7)
  2 trolls
  A yak (D:8)
  4 water moccasins
  3 black bears (D:8)
  8 ice beasts
  4 orc warriors
  6 sky beasts
  2 phantoms
  3 ogres
  3 centaurs
  7 bullfrogs
  A wyvern zombie (D:10)
  3 scorpions
  13 wights
  3 howler monkeys
  3 bullfrog zombies
  A centaur zombie (D:9)
  A quasit (D:11)
  4 jellies
  7 orc priests
  10 hounds
  3 bullfrog skeletons
  9 orc wizards
  Ijyb (D:4)
  2 centaur skeletons (D:6)
  Natasha (thrice) (D:4)
  2 iguanas
  A merfolk siren (Sewer)
  13 worker ants
  A merfolk avatar (Sewer)
  3 worker ant zombies
  2 gnolls (D:5)
  16 adders
  A howler monkey skeleton (D:4)
  3 river rats (Sewer)
  2 shadow imps
  An adder zombie (D:5)
  An adder skeleton (D:5)
  4 worms
  8 dart slugs
  11 leopard geckos
  57 orcs
  9 giant cockroaches
  14 hobgoblins
  20 jackals
  9 kobolds
  7 quokkas
  8 ball pythons
  12 bats
  9 frilled lizards
  11 goblins
  A quokka zombie (D:5)
  22 rats
362 creatures vanquished.

Vanquished Creatures (others)
  43 fungi (D:8)
  49 plants (D:8)
92 creatures vanquished.

Grand Total: 454 creatures vanquished

Notes
Turn   | Place    | Note
-------+----------+-------------------------------------------
     0 | D:1      | Arum the Formicid Fighter began the quest for the Orb.
     0 | D:1      | Reached XP level 1. HP: 18/18 MP: 1/1
   190 | D:1      | You fall into a shaft and drop 1 floor!
   194 | D:2      | Reached XP level 2. HP: 24/24 MP: 2/2
   321 | D:2      | Reached XP level 3. HP: 27/30 MP: 3/3
   514 | D:2      | Reached XP level 4. HP: 37/37 MP: 4/4
   844 | D:1      | Reached skill level 4 in Fighting
  1441 | D:3      | Reached XP level 5. HP: 40/42 MP: 5/5
  1577 | D:3      | Reached XP level 6. HP: 49/49 MP: 6/6
  1587 | D:3      | Found a glowing drain.
  1603 | Sewer    | Entered a sewer
  1725 | Sewer    | Reached skill level 5 in Shields
  3080 | D:3      | Reached XP level 7. HP: 55/55 MP: 7/7
  3187 | D:4      | Reached skill level 5 in Fighting
  3202 | D:4      | Reached skill level 5 in Armour
  3263 | D:4      | Noticed Natasha
  3282 | D:4      | Killed Natasha
  3683 | D:4      | Reached XP level 8. HP: 59/64 MP: 8/8
  3757 | D:4      | Noticed Natasha
  3764 | D:4      | Killed Natasha
  3904 | D:4      | Noticed Natasha
  3911 | D:4      | Killed Natasha
  3955 | D:4      | Noticed Ijyb
  3980 | D:4      | Killed Ijyb
  4130 | D:5      | Entered Level 5 of the Dungeon
  4144 | D:5      | Reached skill level 6 in Fighting
  4174 | D:5      | Reached skill level 5 in Staves
  4626 | D:5      | Reached skill level 7 in Fighting
  4745 | D:5      | Reached XP level 9. HP: 69/72 MP: 9/9
  4825 | D:5      | Found an iron altar of Okawaru.
  4839 | D:5      | Became a worshipper of Warmaster Okawaru
  4901 | D:5      | Found a broken altar of Ashenzari.
  5503 | D:6      | Reached * piety under Okawaru
  5514 | D:6      | Reached skill level 8 in Fighting
  6205 | D:7      | Noticed a hornet
  6222 | D:7      | Killed a hornet
  6222 | D:7      | Reached ** piety under Okawaru
  6223 | D:7      | Reached skill level 9 in Fighting
  6223 | D:7      | Reached XP level 10. HP: 50/83 MP: 10/10
  6718 | D:7      | Found a staircase to the Ecumenical Temple.
  7455 | Temple   | Entered the Ecumenical Temple
  7904 | D:8      | Reached *** piety under Okawaru
  7910 | D:8      | Reached skill level 10 in Fighting
  8646 | D:8      | Reached XP level 11. HP: 85/92 MP: 11/11
  8719 | D:8      | Found Saogaw's Gadget Shop.
  8745 | D:8      | Found a staircase to the Lair.
  9658 | D:9      | Found a staircase to the Orcish Mines.
  9808 | D:9      | Reached **** piety under Okawaru
  9837 | D:9      | Noticed a two-headed ogre
  9851 | D:9      | Killed a two-headed ogre
  9882 | D:9      | Reached skill level 11 in Fighting
 10246 | D:10     | Entered Level 10 of the Dungeon
 10272 | D:10     | Reached skill level 10 in Staves
 10877 | D:10     | Noticed Erolcha
 10897 | D:10     | Killed Erolcha
 10897 | D:10     | Reached ***** piety under Okawaru
 11628 | D:11     | Found a flickering gateway to a bazaar.
 11638 | Bazaar   | Entered a bazaar
 11647 | Bazaar   | Found Pathratu's Antique Weapon Emporium.
 11660 | Bazaar   | Found Murgh's Antique Weapon Shoppe.
 11675 | Bazaar   | Found Apriggis's Antique Armour Shoppe.
 11686 | Bazaar   | Found Isajeg's Antique Armour Emporium.
 11761 | Bazaar   | Bought a heavily runed chain mail for 380 gold pieces
 11809 | D:11     | Noticed a five-headed hydra
 11815 | D:11     | Killed a five-headed hydra
 12092 | D:11     | Noticed an unseen horror
 12127 | D:11     | Killed an unseen horror
 12239 | D:11     | Noticed Snorg
 12283 | D:11     | Mangled by Snorg

Illustrated notes

Levels and vault maps discovered:
D:1:      lemuel_arrival_tunnels, layout_basic
D:2:      layout_rooms, serial_glass, glass_columns_b, glass_columns_b,
          item_on_display_b
D:3:      layout_loops_ring, cheibrodos_sewer_entry_bend, kennysheep_donut,
          guppyfry_early_orc_mine
D:4:      layout_cave_pools, uniq_ijyb, uniq_natasha
D:5:      layout_rooms, kennysheep_little_box, okawaru_altar_gauntlet_db
D:6:      layout_cave_pools
D:7:      layout_basic, minmay_temple_entry_wispy, minmay_chambers_of_fives
D:8:      layout_cave_pools, due_lair_maze_entry_diamond, serial_shops, shop
D:9:      layout_basic, orc_0_dummy
D:10:     layout_loops_ring, st_stairs_14, uniq_erolcha
D:11:     layout_gridville, serial_shops, bzr_entry_islet, uniq_snorg,
          uniq_fannar
Temple:   dpeg_three_leaves_temple

Skill      XL: |  1  2  3  4  5  6  7  8  9 10 11 |
---------------+----------------------------------+-----
Shields        | 4 5 6 7 9 |  9.0
Fighting       | 4 5 7 9 10 11 | 11.6
Armour         | 4 5 7 9 |  9.3
Staves         | 3 4 5 7 9 10 | 10.5

Action                   |  1- 3 |  4- 6 |  7- 9 | 10-12 || total
-------------------------+-------+-------+-------+-------++-------
Melee: Quarterstaff      |    61 |   302 |   509 |   632 ||  1504
Invok: Heroism           |       |       |       |     1 ||     1
 Abil: Dig               |     1 |       |     5 |     2 ||     8
Evoke: Wand              |       |       |     2 |    24 ||    26
  Use: Scroll            |       |     6 |       |     9 ||    15
       Potion            |       |     1 |     5 |     8 ||    14
 Stab: Paralysed         |       |       |     5 |    12 ||    17
       Invisible         |       |       |       |     1 ||     1
Armor: Scale mail        |    21 |   137 |   174 |   182 ||   514
       Skin              |       |       |    15 |       ||    15
Dodge: Dodged            |    16 |    86 |   160 |   161 ||   423
Block: Kite shield       |    38 |   206 |   306 |   316 ||   866
